 Dungeon Crawl Stone Soup version 0.31-a0-360-gb3e1d13bf4 (webtiles) character file.

Game seed: 9429019719701095250

5691 ragingrage the Arsonist (level 10, -2/69 HPs)
             Began as an Octopode Fire Elementalist on July 26, 2023.
             Was an Initiate of Ru.
             Killed by nerve-wracking pain
             ... invoked by an orc priest
              (11 damage)
             ... on level 9 of the Dungeon.
             The game lasted 00:18:26 (11055 turns).

ragingrage the Arsonist (OpFE)                     Turns: 11055, Time: 00:18:27

Health: -2/69      AC:  1    Str:  8    XL:     10   Next: 76%
Magic:  5/26       EV: 18    Int: 21    God:    Ru [......]
Gold:   516        SH:  0    Dex: 19    Spells: 5/19 levels left

rFire   . . .        a - +3 dagger (drain)
rCold   + . .        (no shield)
rNeg    . . .        (helmet restricted)
rPois   .            m - amulet of regeneration
rElec   .            i - +6 ring of dexterity
rCorr   .            j - ring of flight
SInv    .            g - ring of protection from cold
Will    .....        c - ring of magical power
Stlth   ++++         (no ring)
HPRegen 1.11/turn    (no ring)
MPRegen 0.20/turn    (no ring)
                     (no ring)

%: no passive effects
@: flying, very slightly contaminated
A: almost no armour, amphibious, 8 rings, camouflage 1, gelatinous body 1,
(nimble swimmer 1), tentacles
a: Renounce Religion, Sacrifice a Hand, Sacrifice Stealth, Sacrifice Skill,
Reject Sacrifices


You were on level 9 of the Dungeon.
You worshipped Ru.
Ru was noncommittal.
You visited 1 branch of the dungeon, and saw 12 of its levels.
You also visited: Sewer.

You collected 516 gold pieces.

Inventory:

Hand Weapons
 a - a +3 dagger of draining (weapon)
 F - a +0 orcbow
Missiles
 b - a throwing net
 l - 21 poisoned darts
 w - 3 curare-tipped darts
Jewellery
 c - a ring of magical power (on tentacle)
 g - a ring of protection from cold (on tentacle)
 i - a +6 ring of dexterity (left tentacle)
 j - a ring of flight (right tentacle)
 m - an amulet of regeneration (around mantle)
Scrolls
 d - 2 scrolls of teleportation
 f - a scroll of butterflies {unknown}
 o - 3 scrolls of blinking
 s - 2 scrolls of immolation
 D - 3 scrolls of fog
 E - 3 scrolls of fear
Potions
 e - a potion of resistance {unknown}
 h - 3 potions of mutation {unknown}
 k - 2 potions of lignification {unknown}
 n - 5 potions of enlightenment
 p - 5 potions of curing
 q - 4 potions of heal wounds {unknown}
 r - a potion of haste {unknown}
 t - a potion of ambrosia {unknown}
 v - 2 potions of brilliance {unknown}
 z - a potion of berserk rage {unknown}
 A - a potion of might {unknown}
 C - a potion of cancellation {unknown}
 G - a potion of magic


   Skills:
 + Level 6.9 Fighting
 + Level 7.7 Dodging
 - Level 6.0 Stealth
 - Level 5.0 Spellcasting
 - Level 6.3 Conjurations
 - Level 3.0 Translocations
 - Level 8.0 Fire Magic


You had 5 spell levels left.
You knew the following spells:

 Your Spells              Type           Power      Damage    Failure   Level
a - Scorch                Fire           76%        2d8       1%          2
b - Foxfire               Conj/Fire      100%       2x1d9     1%          1
c - Volatile Blastmotes   Fire/Tloc      56%        2d14      3%          3
d - Flame Wave            Conj/Fire      35%        2d10      5%          4
e - Iskenderun's Mystic   Conj/Tloc      24%        2d7       16%         4

Your spell library contained the following spells:

 Spells                   Type           Power      Damage    Failure   Level
 Inner Flame              Hex/Fire       22%        N/A       6%          3
 Slow                     Hex            20%        N/A       11%         1
 Fulminant Prism          Conj/Hex       9%         3d7       28%         4
 Passage of Golubria      Tloc           17%        N/A       30%         4
 Confusing Touch          Hex            5%         N/A       32%         3
 Tukima's Dance           Hex            5%         N/A       32%         3
 Vampiric Draining        Necr           5%         2d6       32%         3
 Yara's Violent Unravell  Hex/Tmut       2%         3d3       96%         5


Dungeon Overview and Level Annotations

Branches:
Dungeon (12/15)            Temple (0/1) D:7           Sewer (visited)
   Lair: D:8-11         Orc: D:9-12

Altars:
Kikubaaqudgha
Nemelex Xobeh
Okawaru
Ru
The Shining One

Shops:
D:1 *   D:4 =

Annotations:
D:5 exclusion: lemure
D:9 2 exclusions
D:10 exclusions: acid dragon and downstairs, Nergalle
D:11 exclusions: fire dragon and vampire mosquito


Innate Abilities, Weirdness & Mutations

You cannot wear most types of armour.
You are amphibious.
You can wear up to eight rings at the same time.
Your skin changes colour to match your surroundings (Stealth+).
Your rubbery body absorbs attacks. (AC +1, EV +1)
((You are camouflaged when in or above water. (Stealth+)))
You have tentacles for arms and can constrict up to eight enemies at once.


Message History

The human is poisoned.
The human convulses.
The human seems to slow down.
Casting: Flame Wave (dangerous; 5% risk of failure) Flames lash the human.
The human's fire resistance burns away.
You hear the faint creaking of a portcullis nearby.
The human closely misses you.
An orc priest comes into view. It is wielding a +0 flail.
The orc priest invokes the aid of Beogh against you.
Beogh smites you!
Unknown command.
Casting: Scorch (safe; 1% risk of failure) Flames lash the human.
You kill the human!
Unknown command.
Casting: Scorch (safe; 1% risk of failure) Flames lash the orc priest.
The orc priest's fire resistance burns away.
The orc priest hits you with a +0 dagger.
Unknown command.
Throw: 5 darts (curare)
Press: ? - help, Shift-Dir - straight line, f - orc priest
Aim: an orc priest, wielding a +0 flail (62% to hit)
You throw a curare-tipped dart.
The curare-tipped dart barely misses the orc priest.
The curare-tipped dart hits the orc priest.
The orc priest is poisoned.
The orc priest convulses.
The orc priest seems to slow down.
The orc priest barely misses you.
Throw: 4 darts (curare)
Press: ? - help, Shift-Dir - straight line, f/p - orc priest
Aim: an orc priest, wielding a +0 flail (severely wounded, very poisoned, slow, 62% to hit)
You throw a curare-tipped dart.
The curare-tipped dart closely misses the orc priest.
The curare-tipped dart barely misses the orc priest.
The orc priest calls down the wrath of Beogh upon you.
Beogh smites you!
* * * LOW HITPOINT WARNING * * *
The orc priest mumbles some strange prayers to Beogh against you.
Pain shoots through your body!
You die...

# ########## # #..>.....# #
#.....(..#### ######### #
#........o.)######.......# #
##..[.....##.o@...'.......# #
#.........#########.......#####
..........# #.......#...'
.######'### #.......#.###


pp# #.......'.# # #.## #.......### # #o ######'## #. ##..# #' #..## #### You
could see 2 orc priests.

Vanquished Creatures
  Erica (D:11)
  A two-headed ogre (D:11)
  2 gargoyles (D:11)
  A kobold demonologist (D:11)
  3 trolls (D:11)
  Grinder (D:5)
  Sigmund (D:3)
  2 wraiths (D:11)
  3 humans (D:9)
  2 steam dragons
  A black bear (D:5)
  An ogre (D:5)
  A centaur (D:6)
  2 phantoms (D:5)
  5 kobold brigands
  A bullfrog (D:6)
  2 scorpions (D:5)
  A wight (D:8)
  A howler monkey (D:5)
  2 hounds
  A jelly (D:7)
  5 orc priests
  2 iguanas
  2 sleepcaps (D:6)
  5 orc wizards
  3 gnolls (D:4)
  2 river rats (Sewer)
  4 adders
  A white imp (D:6)
  2 ufetubi
  7 worms
  4 dart slugs
  25 orcs
  4 bats
  6 endoplasms
  3 giant cockroaches
  3 hobgoblins
  10 jackals
  4 quokkas
  5 ball pythons
  A frilled lizard (D:3)
  5 goblins
  24 kobolds
  12 rats
174 creatures vanquished.

Vanquished Creatures (others)
  A centaur (D:9)
  An orc priest (D:9)
  404 foxfires
406 creatures vanquished.

Grand Total: 580 creatures vanquished

Notes
Turn   | Place    | Note
-------+----------+-------------------------------------------
     0 | D:1      | ragingrage the Octopode Fire Elementalist began the quest
                  | for the Orb.
     0 | D:1      | Reached XP level 1. HP: 11/11 MP: 3/3
   209 | D:1      | Reached XP level 2. HP: 7/17 MP: 0/5
   406 | D:1      | Found Kutsa's General Store.
   970 | D:2      | Reached XP level 3. HP: 21/21 MP: 4/6
   973 | D:2      | Learned a level 2 spell: Scorch
  1145 | D:2      | Reached skill level 4 in Fire Magic
  1545 | D:2      | Found a sacrificial altar of Ru.
  1851 | D:2      | Became a worshipper of Ru the Awakened
  2002 | D:3      | Noticed Sigmund
  2159 | D:3      | Reached XP level 4. HP: 26/27 MP: 7/7
  2204 | D:3      | Learned a level 3 spell: Volatile Blastmotes
  3396 | D:3      | Killed Sigmund
  3397 | D:3      | Reached skill level 5 in Fire Magic
  3397 | D:3      | Reached XP level 5. HP: 36/36 MP: 1/8
  3397 | D:3      | Reached XP level 6. HP: 42/42 MP: 1/9
  3535 | D:4      | Found Hiupoladau's Jewellery Shop.
  3964 | D:4      | Reached skill level 1 in Translocations
  4324 | D:4      | Found an ancient bone altar of Kikubaaqudgha.
  4530 | D:5      | Entered Level 5 of the Dungeon
  4617 | D:5      | Reached XP level 7. HP: 46/46 MP: 2/10
  4753 | D:5      | Reached skill level 6 in Fire Magic
  4864 | D:5      | Noticed Grinder
  4882 | D:5      | Paralysed by Grinder for 2 turns
  4908 | D:5      | Paralysed by Grinder for 3 turns
  4914 | D:5      | Killed Grinder
  4915 | D:5      | Reached skill level 7 in Fire Magic
  5270 | D:5      | Reached XP level 8. HP: 54/54 MP: 4/11
  5436 | D:5      | Reached skill level 5 in Fighting
  5441 | D:5      | Learned a level 4 spell: Flame Wave
  6140 | D:6      | Found an iron altar of Okawaru.
  6440 | D:6      | Found a glowing drain.
  6445 | Sewer    | Entered a sewer
  6763 | Sewer    | Reached skill level 8 in Fire Magic
  7252 | D:6      | Reached skill level 5 in Conjurations
  7427 | D:7      | Reached XP level 9. HP: 61/61 MP: 7/12
  7679 | D:7      | Found a staircase to the Ecumenical Temple.
  7841 | D:8      | Reached skill level 5 in Dodging
  7855 | D:8      | Found a sparkling altar of Nemelex Xobeh.
  8549 | D:7      | Found a glowing golden altar of the Shining One.
  8793 | D:8      | You are sucked into a shaft and drop 3 floors!
  8817 | D:11     | Noticed a gargoyle
  8999 | D:11     | Noticed a fire dragon
  9266 | D:11     | Noticed Erica
  9279 | D:11     | Killed Erica
  9378 | D:11     | Noticed a gargoyle
  9502 | D:11     | Noticed an ogre mage
  9502 | D:11     | Noticed a troll
  9751 | D:11     | Noticed a troll
  9755 | D:11     | Killed a troll
  9756 | D:11     | Reached XP level 10. HP: 66/66 MP: 15/15
  9990 | D:12     | Noticed a skeletal warrior
  9990 | D:12     | Noticed a skeletal warrior
  9990 | D:12     | Noticed a skeletal warrior
  9990 | D:12     | Noticed a skeletal warrior
  9990 | D:12     | Noticed a skeletal warrior
 10121 | D:11     | Learned a level 4 spell: Iskenderun's Mystic Blast
 10146 | D:11     | Noticed a manticore
 10412 | D:11     | Killed a gargoyle
 10413 | D:11     | Reached skill level 5 in Spellcasting
 10495 | D:11     | Noticed a kobold demonologist
 10498 | D:11     | Killed a kobold demonologist
 10548 | D:11     | Killed a gargoyle
 10624 | D:11     | Noticed a two-headed ogre
 10633 | D:11     | Killed a two-headed ogre
 10709 | D:10     | Entered Level 10 of the Dungeon
 10709 | D:10     | Noticed Nergalle
 10815 | D:11     | Noticed a two-headed ogre
 11055 | D:9      | Killed from afar by an orc priest

Illustrated notes

Levels and vault maps discovered:
D:1:      noname_arrival_rooms_in_the_neighbourhood, layout_rooms, serial_shops,
          shop
D:2:      layout_basic, basic_altar
D:3:      layout_basic, uniq_sigmund
D:4:      layout_loops_ring, mainiacjoe_overflow_small_starburst,
          minmay_shop_enchanted_jewellery, minmay_misc_feat_four_crosses
D:5:      layout_loops_ring, chequers_serial_rivers_large_b, uniq_grinder,
          uniq_pikel
D:6:      layout_rooms, mainiacjoe_overflow_six_doors_small,
          gup_sewer_entry_spiral, chequers_serial_rivers_marsh
D:7:      layout_layer_cave, nicolae_tso_swordbearing_angel,
          minmay_temple_entry_from_below_a
D:8:      layout_basic, nemelex_xobeh_ov_fountains_minmay,
          minmay_large_rounded_square
D:9:      layout_roguey, xom_confusion_cloud, grunt_lair_entry_orc_guard_hut,
          orc_0_dummy, enter_bailey_5, minmay_ruffians, uniq_erolcha
D:10:     layout_basic, mainiacjoe_overflow_two_lobes, uniq_lodul,
          uniq_nergalle, uniq_snorg
D:11:     cheibrodos_fzero, layout_basic, uniq_erica
D:12:     layout_cave_pools, grunt_ministairs_12, small_chamber_with_monster,
          uniq_josephine

Skill      XL: |  1  2  3  4  5  6  7  8  9 10 |
---------------+-------------------------------+-----
Stealth        | 3 6 |  6.0
Fire Magic     | 4 5 7 8 |  8.0
Fighting       | 3 4 5 6 |  6.9
Dodging        | 3 6 7 |  7.7
Translocations | 2 3 |  3.0
Conjurations   | 2 5 6 |  6.3
Spellcasting   | 3 5 |  5.0

Action                     |  1- 3 |  4- 6 |  7- 9 | 10-12 || total
---------------------------+-------+-------+-------+-------++-------
  Melee: Dagger            |    39 |    15 |    14 |     1 ||    69
         Tentacles         |     9 |     5 |    12 |     1 ||    27
         Constrict         |    10 |     4 |    13 |     1 ||    28
         Unarmed           |     3 |       |       |       ||     3
         Punch             |     1 |       |     2 |       ||     3
         Rapier            |       |       |    31 |       ||    31
  Throw: Dart              |       |       |     5 |    12 ||    17
   Cast: Foxfire           |    84 |    89 |    59 |     6 ||   238
         Scorch            |       |     8 |   100 |    31 ||   139
         Flame Wave        |       |       |     3 |     2 ||     5
         Volatile Blastmot |       |       |       |     8 ||     8
    Use: Scroll            |       |       |     6 |     8 ||    14
         Potion            |       |       |     1 |     1 ||     2
   Stab: Sleeping          |     4 |     3 |     4 |     1 ||    12
 Armour: Skin              |     3 |     1 |     9 |       ||    13
  Dodge: Dodged            |    26 |    28 |    80 |    25 ||   159

Table legend: (Time is in decaauts)
 A = Elapsed time spent in this place.
 B = Non-inter-level travel time spent in this place.
 C = Inter-level travel time spent in this place.
 D = Time resting spent in this place.
 E = Time spent auto-exploring this place.
 F = Levels seen in this place.
 G = Mean time per level.
                   A        B        C        D        E       F      G
               +--------+--------+--------+--------+--------+-----+--------+
         Total |  11070 |  10579 |    491 |   3206 |   4771 |  13 |  851.5 |
       Dungeon |  10475 |   9984 |    491 |   3034 |   4542 |  12 |  872.9 |
         Sewer |    595 |    595 |      0 |    172 |    229 |   1 |  595.0 |
               +--------+--------+--------+--------+--------+-----+--------+

Top non-repeatable levels by time:
    D:11: 1925 daAuts
     D:3: 1477 daAuts
     D:5: 1450 daAuts
     D:2: 1156 daAuts
     D:4: 1041 daAuts
     D:1: 923 daAuts
     D:7: 873 daAuts
     D:6: 740 daAuts
   Sewer: 595 daAuts
     D:8: 541 daAuts
     D:9: 206 daAuts
    D:10: 137 daAuts
    D:12: 1 daAuts
